 Dungeon Crawl Stone Soup version 0.31-a0-207-g184df878d8 (webtiles) character file.

Game seed: 451229552322042116

127 Ijustatesigmund the Stinger (level 5, -2/33 HPs)
             Began as an Octopode Venom Mage on June 28, 2023.
             Killed from afar by a white imp (9 damage)
             ... with a puff of frost
             ... on level 6 of the Dungeon.
             The game lasted 00:03:57 (2285 turns).

Ijustatesigmund the Stinger (Octopode Venom Mage)   Turns: 2285, Time: 00:03:57

Health: -2/33      AC:  1    Str: 13    XL:     5   Next: 11%
Magic:  9/9        EV: 13    Int: 20    God:
Gold:   78         SH:  0    Dex: 12    Spells: 4/10 levels left

rFire   . . .        b - +1 spear
rCold   . . .        (no shield)
rNeg    . . .        (helmet restricted)
rPois   .            (no amulet)
rElec   .            c - +6 ring of strength
rCorr   .            e - +4 ring of slaying
SInv    .            (no ring)
Will    .....        (no ring)
Stlth   ++           (no ring)
HPRegen 0.25/turn    (no ring)
MPRegen 0.11/turn    (no ring)
                     (no ring)

%: no passive effects
@: confused, mighty, ambrosia-drunk
A: almost no armour, amphibious, 8 rings, camouflage 1, gelatinous body 1,
(nimble swimmer 1), tentacles
a: no special abilities


You were on level 6 of the Dungeon.
You visited 1 branch of the dungeon, and saw 5 of its levels.

You collected 78 gold pieces.

Inventory:

Hand Weapons
 b - a +1 spear (weapon)
Jewellery
 c - a +6 ring of strength (left tentacle)
 e - a +4 ring of slaying (right tentacle)
 i - a +6 ring of dexterity
 k - a ring of protection from cold
 m - a ring of willpower
Scrolls
 j - a scroll of teleportation
Potions
 f - a potion of mutation {unknown}
 g - a potion of curing {unknown}
 n - a potion of invisibility {unknown}


   Skills:
 - Level 1.1 Fighting
 - Level 2.0 Dodging
 - Level 2.6 Stealth
 + Level 3.0 Spellcasting
 + Level 1.5 Conjurations
 - Level 1.0 Transmutations
 + Level 1.9 Air Magic
 + Level 4.6 Poison Magic


You had 4 spell levels left.
You knew the following spells:

 Your Spells              Type           Power      Damage    Failure   Level
a - Sting                 Tmut/Pois      56%        1d5       4%          1
b - Poisonous Vapours     Pois/Air       32%        N/A       5%          2
c - Mephitic Cloud        Conj/Pois/Air  13%        N/A       14%         3

Your spell library contained the following spells:

 Spells                   Type           Power      Damage    Failure   Level
 Beastly Appendage        Tmut           14%        N/A       10%         1
 Wereblood                Tmut           7%         N/A       14%         2
 Spider Form              Tmut/Pois      14%        N/A       14%         3
 Sublimation of Blood     Necr           3%         N/A       22%         2
 Olgreb's Toxic Radiance  Pois           21%        N/A       22%         4
 Summon Hydra             Summ           1%         N/A       100%        7


Dungeon Overview and Level Annotations

Branches:
Dungeon (4/15)
 Temple: D:4-7

Altars:

Shops:
D:1 *

Annotations:
D:3 Grinder
D:6 Prince Ribbit


Innate Abilities, Weirdness & Mutations

You cannot wear most types of armour.
You are amphibious.
You can wear up to eight rings at the same time.
Your skin changes colour to match your surroundings (Stealth+).
Your rubbery body absorbs attacks. (AC +1, EV +1)
((You are camouflaged when in or above water. (Stealth+)))
You have tentacles for arms and can constrict up to eight enemies at once.


Message History

The sting hits the hound.
The hound is poisoned.
The hound is moderately wounded.
The white imp shouts, "Go and return not, thou gleeking fat-kidneyed urchin!"
The hound misses you. The hound bites you.
You feel very mighty all of a sudden. The hound bites you.
You barely miss the hound. You grab the hound. You squeeze the hound!
The hound is almost dead.
You constrict the hound.
You kill the hound!
Your Spellcasting skill increases to level 3!
You have reached level 5!
You feel clever.
Casting: Sting (safe; 4% risk of failure)
Confirm with . or Enter, or press ? or * to list all spells.
You don't have enough magic to cast this spell.
Magic courses through your body.
Casting: Sting (safe; 4% risk of failure)
Confirm with . or Enter, or press ? or * to list all spells.
Aiming: Sting (safe; 4% risk of failure)
Press: ? - help, Shift-Dir - straight line, f - Prince Ribbit
Aim: Prince Ribbit (50% to hit)
The sting hits Prince Ribbit.
Prince Ribbit is poisoned.
Prince Ribbit is lightly wounded.
Prince Ribbit sighs, "It's not easy being green!"
Prince Ribbit barely misses you. Prince Ribbit hits you!
Okay, then.
You puncture Prince Ribbit! Your grab misses Prince Ribbit.
Prince Ribbit is moderately wounded.
Prince Ribbit hits you.
* * * LOW HITPOINT WARNING * * *
The white imp gestures at you. The puff of frost hits you!
* * * LOW HITPOINT WARNING * * *
It was a potion of ambrosia.
You are confused.
You feel invigorated. Prince Ribbit barely misses you.
The white imp gestures at you. The puff of frost hits you!
You die...

#.#.##.# #.#..5.#
#..... #.###..#
##....... #......#
#........ ####...#
#........ .###....#
#......>. ........#
#........
####....#######..[.....
#.....5.@F..........
#....#######.)>.....
#....# #........ #....#
#........ ######
#........ #........
##(...... #../...
######


You could see Prince Ribbit (poisoned) and a white imp.

Vanquished Creatures
  A hound (D:6)
  Terence (D:3)
  3 adders (D:3)
  An ufetubus (D:6)
  2 orcs
  3 ball pythons
  3 endoplasms (D:1)
  3 goblins
  7 hobgoblins
  5 kobolds
  3 quokkas
  4 bats
  3 frilled lizards
  2 rats
  A spectral hobgoblin (D:2)
42 creatures vanquished.

Notes
Turn   | Place    | Note
-------+----------+-------------------------------------------
     0 | D:1      | Ijustatesigmund the Octopode Venom Mage began the quest for
                  | the Orb.
     0 | D:1      | Reached XP level 1. HP: 11/11 MP: 3/3
   248 | D:1      | Reached XP level 2. HP: 18/18 MP: 3/5
   262 | D:1      | Learned a level 2 spell: Poisonous Vapours
   295 | D:1      | Found Fiygess's General Store.
   637 | D:1      | Reached skill level 1 in Fighting
   686 | D:1      | Reached skill level 4 in Poison Magic
  1048 | D:2      | Found a faded altar of an unknown god.
  1221 | D:2      | Reached XP level 3. HP: 23/23 MP: 3/6
  1225 | D:2      | Learned a level 3 spell: Mephitic Cloud
  1787 | D:3      | Reached skill level 1 in Air Magic
  1985 | D:3      | Noticed Grinder
  2005 | D:3      | Noticed Terence
  2009 | D:3      | Killed Terence
  2010 | D:3      | Reached skill level 1 in Conjurations
  2010 | D:3      | Reached XP level 4. HP: 28/28 MP: 2/8
  2234 | D:4      | You fall into a shaft and drop 2 floors!
  2271 | D:6      | Noticed Prince Ribbit
  2282 | D:6      | Reached XP level 5. HP: 28/33 MP: 0/9
  2285 | D:6      | Killed from afar by a white imp

Illustrated notes

Levels and vault maps discovered:
D:1:      amcnicky_arrival_choice, layout_basic, serial_shops,
          nicolae_shop_back_alley_shop, grunt_decor_junction
D:2:      layout_basic, dreamdust_ecumenical_altar_drowned_temple, minivault_25
D:3:      layout_basic, nicolae_ru_great_annihilating_truth,
          serial_bayou_ford_a, uniq_terence, uniq_grinder
D:4:      cheibrodos_quashed, layout_cave_pools, old_standard_altar,
          amcnicky_mini_pool_small, uniq_pikel
D:6:      gammafunk_steamed_eel, layout_rooms, minmay_misc_feat_doors,
          uniq_prince_ribbit1, uniq_maggie

Skill      XL: |  1  2  3  4 |
---------------+-------------+-----
Fighting       | 1 |  1.1
Poison Magic   | 4 |  4.6
Air Magic      | 1 |  1.9
Conjurations   | 1 |  1.5
Spellcasting   | 3 |  3.0
Dodging        | |  2.0
Stealth        | |  2.6
Transmutations | |  1.0

Action                     |  1- 3 |  4- 6 || total
---------------------------+-------+-------++-------
  Melee: Spear             |    53 |    14 ||    67
         Constrict         |     7 |     4 ||    11
         Tentacles         |     5 |     1 ||     6
   Cast: Sting             |     5 |     2 ||     7
         Poisonous Vapours |    24 |     9 ||    33
    Use: Scroll            |     6 |       ||     6
         Potion            |       |     3 ||     3
   Stab: Sleeping          |     3 |     1 ||     4
         Distracted        |     1 |       ||     1
 Armour: Skin              |     1 |     1 ||     2
  Dodge: Dodged            |    20 |     7 ||    27

Table legend: (Time is in decaauts)
 A = Elapsed time spent in this place.
 B = Non-inter-level travel time spent in this place.
 C = Inter-level travel time spent in this place.
 D = Time resting spent in this place.
 E = Time spent auto-exploring this place.
 F = Levels seen in this place.
 G = Mean time per level.
                   A        B        C        D        E       F      G
               +--------+--------+--------+--------+--------+-----+--------+
         Total |   2289 |   2256 |     33 |    502 |   1446 |   5 |  457.8 |
       Dungeon |   2289 |   2256 |     33 |    502 |   1446 |   5 |  457.8 |
               +--------+--------+--------+--------+--------+-----+--------+

Top non-repeatable levels by time:
     D:1: 1046 daAuts
     D:2: 727 daAuts
     D:3: 446 daAuts
     D:6: 51 daAuts
     D:4: 17 daAuts
